 Dungeon Crawl Stone Soup version 0.29.1-14-g9c671dbff4 (webtiles) character file.

Game seed: 6319548243565070166

7657 adizb the Grappler (level 10, -4/100 HPs)
             Began as a Troll Monk on Feb 15, 2023.
             Was an Elder of Cheibriados.
             Slain by AverageBear's ghost (5 damage)
             ... on level 8 of the Dungeon.
             The game lasted 00:40:49 (7198 turns).

adizb the Grappler (Troll Monk)                     Turns: 7198, Time: 00:40:50

Health: -4/100     AC:  8    Str: 34    XL:     10   Next: 99%
Magic:  13/13      EV: 14    Int: 15    God:    Cheibriados [****..]
Gold:   717        SH:  5    Dex: 21    Spells: 9/9 levels left

rFire   + . .      SeeInvis .     - Unarmed
rCold   . . .      Faith    .   (no shield)
rNeg    . . .      Spirit   .   B - +1 troll leather armour
rPois   .          Reflect  +   (helmet restricted)
rElec   .          Harm     .   o - +0 cloak
rCorr   .          Rampage  .   (gloves unavailable)
Will    +....                   (boots unavailable)
Stlth   ++........              u - amulet of reflection
HPRegen 1.86/turn               d - ring of protection from fire
MPRegen 0.13/turn               w - ring of willpower

@: very slow
A: large, unfitting armour, claws 3, regeneration 1, shaggy fur 1, tough skin 1
a: Renounce Religion, Bend Time, Temporal Distortion, Slouch


You were on level 8 of the Dungeon.
You worshipped Cheibriados.
Cheibriados was greatly pleased with you.
You visited 2 branches of the dungeon, and saw 11 of its levels.

You collected 717 gold pieces.

Inventory:

Armour
 a - a +0 robe
 o - a +0 cloak (worn)
 p - +0 acid dragon scales
 B - a +1 troll leather armour (worn)
Jewellery
 d - a ring of protection from fire (left claw)
 h - a ring of see invisible
 u - an amulet of reflection (around neck)
 w - a ring of willpower (right claw)
 z - an amulet of faith
Wands
 l - a wand of polymorph (2)
 t - a wand of digging (7)
 y - a wand of light (9)
Scrolls
 k - 4 scrolls of teleportation
 n - 2 scrolls of magic mapping
 q - a scroll of poison
 x - 3 scrolls of amnesia
 A - 2 scrolls of blinking
Potions
 b - 3 potions of ambrosia
 e - 5 potions of curing
 f - 4 potions of brilliance {unknown}
 g - a potion of cancellation
 i - 2 potions of mutation {unknown}
 j - a potion of flight
 m - 2 potions of resistance {unknown}
 r - a potion of heal wounds


   Skills:
 + Level 6.9 Fighting
 + Level 0.9 Armour
 + Level 6.9 Dodging
 - Level 1.0 Stealth
 * Level 11.3 Unarmed Combat
 + Level 6.3 Invocations


You had 9 spell levels left.
You didn't know any spells.
Your spell library contained the following spells:

 Spells                   Type           Power      Damage    Failure   Level
 Sublimation of Blood     Necr           0%         N/A       41%         2
 Confusing Touch          Hex            0%         N/A       65%         3
 Petrify                  Tmut/Erth      0%         N/A       96%         4
 Blade Hands              Tmut           0%         N/A       100%        5
 Irradiate                Conj/Tmut      0%         3d11      100%        5
 Yara's Violent Unravell  Hex/Tmut       0%         3d3       100%        5
 Dragon Form              Tmut           0%         N/A       100%        7
 Enfeeble                 Hex            0%         N/A       100%        7


Dungeon Overview and Level Annotations

Branches:
Dungeon (10/15)            Temple (1/1) D:4            Lair (0/5) D:10
    Orc: D:9-12

Altars:
Ashenzari
Cheibriados
Dithmenos
Elyvilon
Fedhas
Gozag
Hepliaklqana
Kikubaaqudgha
Makhleb
Nemelex Xobeh
Okawaru
Qazlal
Ru
Sif Muna
Trog
Uskayaw
Vehumet
Wu Jian
Xom
Yredelemnul
Zin
The Shining One

Annotations:
D:8 AverageBear's ghost, novice DsFi
D:10 2 transporters


Innate Abilities, Weirdness & Mutations

You are too large for most types of armour.
You have claws for hands.
Your natural rate of healing is unusually fast.
You are covered in fur. (AC +1)
You have tough skin. (AC +1)


Message History

The polar bear growls angrily.
You remove your ring of see invisible.
d - a ring of protection from fire (left claw) As you open the door, it creaks loudly!
You mangle AverageBear's ghost!!
AverageBear's ghost is moderately damaged.
The spriggan hits you but does no damage.
AverageBear's ghost hits you! AverageBear's ghost burns you.
You barely miss AverageBear's ghost.
AverageBear's ghost is moderately damaged.
The spriggan hits you from afar with the +2 spear "Jucs" {spect, rElec rC- rN+++ Int+6}!
You scratch AverageBear's ghost but do no damage.
AverageBear's ghost is moderately damaged.
AverageBear's ghost hits you! AverageBear's ghost burns you.
You closely miss AverageBear's ghost.
AverageBear's ghost is moderately damaged.
The spriggan closely misses you. AverageBear's ghost hits you!
AverageBear's ghost burns you.
You barely miss AverageBear's ghost.
AverageBear's ghost is moderately damaged.
The spriggan hits you from afar with the +2 spear "Jucs" {spect, rElec rC- rN+++ Int+6}!
AverageBear's ghost hits you. AverageBear's ghost burns you.
You scratch AverageBear's ghost.
You claw AverageBear's ghost, but do no damage.
AverageBear's ghost is moderately damaged.
You block the spriggan's attack.
You claw AverageBear's ghost!
AverageBear's ghost is heavily damaged.
AverageBear's ghost barely misses you.
The spriggan hits you from afar with the +2 spear "Jucs" {spect, rElec rC- rN+++ Int+6}!
* * * LOW HITPOINT WARNING * * *
You mangle AverageBear's ghost!!
AverageBear's ghost is almost destroyed.
You block AverageBear's ghost's attack.
You scratch AverageBear's ghost.
AverageBear's ghost is almost destroyed.
The spriggan closely misses you. AverageBear's ghost hits you!!
* * * LOW HITPOINT WARNING * * *
AverageBear's ghost burns you.
You die...

.......####..........## ##....##
..>...................###....###
......................##.......##
......................#..........
........................######...
############...........## ####
#...........# #...........#
###8.@.8##### ♣/###W###.♣
♣..♣ih♣♣♣.♣ ♣♣♣.i♣h ♣♣ ♣...i.
♣).♣.... ♣♣. ..♣♣♣ ♣♣ ♣♣♣ ##
###### ..#


You could see a polar bear, a black bear, 3 spriggans and AverageBear's ghost.

Vanquished Creatures
  Maurice (D:8)
  Joseph (D:10)
  2 trolls
  3 hornets
  Grinder (D:6)
  The ghost of croobank the Sneak, an amateur OpDe (D:5)
  A vampire (D:10)
  4 wyverns (D:10)
  A basilisk (D:10)
  4 yaks (D:9)
  Grum (D:8)
  An acid dragon (D:10)
  3 water moccasins
  A black bear (D:10)
  2 orc warriors
  2 ogres
  5 centaurs
  6 wolves
  A kobold brigand (D:8)
  A phantom (D:5)
  3 bullfrogs
  2 necrophages
  2 gnoll sergeants
  3 scorpions
  4 killer bees
  7 orc priests
  4 jellies
  2 hounds
  An iguana (D:10)
  7 orc wizards
  12 gnolls
  8 adders
  2 white imps
  3 worms
  21 orcs
  8 ball pythons
  8 endoplasms
  2 giant cockroaches
  7 goblins
  3 hobgoblins
  3 jackals (D:2)
  13 kobolds
  3 quokkas
  5 bats
  A frilled lizard (D:3)
  5 rats
181 creatures vanquished.

Vanquished Creatures (collateral kills)
  The ghost of javelincjr the Thaumaturge, a novice DjEE of Hepliaklqana (D:6)
  The ghost of croobank the Sneak, a weakling OpDe (D:6)
  The ghost of croobank the Sneak, a weakling OpDe (D:6)
3 creatures vanquished.

Vanquished Creatures (others)
  4 fungi
  14 plants
18 creatures vanquished.

Grand Total: 202 creatures vanquished

Notes
Turn   | Place    | Note
-------+----------+-------------------------------------------
     0 | D:1      | adizb the Troll Monk began the quest for the Orb.
     0 | D:1      | Reached XP level 1. HP: 22/22 MP: 0/0
   209 | D:1      | Found a faded altar of an unknown god.
   332 | D:1      | Reached XP level 2. HP: 27/29 MP: 1/1
  1179 | D:2      | Reached XP level 3. HP: 29/36 MP: 2/2
  1815 | D:3      | Reached skill level 4 in Unarmed Combat
  1841 | D:3      | Reached XP level 4. HP: 42/44 MP: 3/3
  1855 | D:3      | Found a sparkling altar of Nemelex Xobeh.
  2102 | D:4      | Noticed a water moccasin
  2326 | D:4      | Reached XP level 5. HP: 10/53 MP: 4/4
  2469 | D:4      | Found a staircase to the Ecumenical Temple.
  2475 | Temple   | Entered the Ecumenical Temple
  2532 | Temple   | Became a worshipper of Cheibriados the Contemplative
  2532 | Temple   | Reached * piety under Cheibriados
  2532 | Temple   | Reached ** piety under Cheibriados
  2663 | D:4      | Killed a water moccasin
  2664 | D:4      | Reached skill level 5 in Unarmed Combat
  2664 | D:4      | Reached XP level 6. HP: 61/61 MP: 5/5
  2854 | D:5      | Entered Level 5 of the Dungeon
  2854 | D:5      | Found an opulent altar of Gozag.
  2860 | D:5      | Found an ornate altar of the Wu Jian Council.
  2861 | D:5      | Found a runed translucent door.
  2861 | D:5      | Noticed croobank's ghost (amateur OpDe)
  2892 | D:5      | Found a glowing golden altar of the Shining One.
  2980 | D:5      | Reached skill level 1 in Invocations
  3008 | D:5      | Reached XP level 7. HP: 52/68 MP: 6/6
  3092 | D:5      | Reached skill level 6 in Unarmed Combat
  3244 | D:5      | Killed croobank's ghost
  3425 | D:6      | Noticed Grinder
  3432 | D:6      | Killed Grinder
  3433 | D:6      | Reached skill level 7 in Unarmed Combat
  3433 | D:6      | Reached XP level 8. HP: 56/79 MP: 7/9
  3472 | D:6      | Found a stormy altar of Qazlal.
  3650 | D:6      | Noticed an air elemental
  3791 | D:6      | Reached *** piety under Cheibriados
  3998 | D:6      | Found a runed translucent gate.
  3999 | D:6      | Found a runed translucent gate.
  3999 | D:6      | Found a runed translucent gate.
  4000 | D:6      | Noticed javelincjr's ghost (novice DjEE)
  4001 | D:6      | Noticed croobank's ghost (weakling OpDe)
  4001 | D:6      | Noticed croobank's ghost (weakling OpDe)
  4207 | D:7      | Found a hide-covered altar of Uskayaw.
  4266 | D:7      | Reached skill level 8 in Unarmed Combat
  4403 | D:7      | Reached skill level 5 in Fighting
  4403 | D:7      | Reached skill level 5 in Dodging
  4990 | D:6      | Killed croobank's ghost
  4991 | D:6      | HP: 1/80 [javelincjr's ghost/the air (19)]
  4993 | D:6      | Killed croobank's ghost
  4993 | D:6      | Killed javelincjr's ghost
  4994 | D:6      | Reached XP level 9. HP: 4/88 MP: 9/11
  5327 | D:8      | Reached **** piety under Cheibriados
  5341 | D:8      | Reached skill level 9 in Unarmed Combat
  5446 | D:8      | Noticed Maurice
  5462 | D:8      | Killed Maurice
  5463 | D:8      | Noticed Grum
  5610 | D:7      | Reached skill level 5 in Invocations
  5768 | D:8      | Killed Grum
  5841 | D:8      | Found a runed translucent door.
  5844 | D:8      | Noticed AverageBear's ghost (novice DsFi)
  5919 | D:8      | Identified the +2 spear "Jucs" {spect, rElec rC- rN+++
                  | Int+6}
  5920 | D:8      | Noticed a polar bear
  5954 | D:9      | Noticed a troll
  5961 | D:9      | Killed a troll
  5962 | D:9      | Reached XP level 10. HP: 98/98 MP: 12/12
  5992 | D:10     | Entered Level 10 of the Dungeon
  6004 | D:10     | Reached skill level 10 in Unarmed Combat
  6176 | D:9      | Found a blossoming altar of Fedhas.
  6547 | D:10     | Found a staircase to the Lair.
  6708 | D:10     | Paralysed by a hornet for 1 turns
  6712 | D:10     | Reached skill level 11 in Unarmed Combat
  6811 | D:10     | Found a transporter.
  6811 | D:10     | Noticed a black mamba
  6821 | D:10     | Noticed a centaur warrior
  6821 | D:10     | Noticed a centaur warrior
  6825 | D:10     | Found an ancient bone altar of Kikubaaqudgha.
  6825 | D:10     | Noticed a five-headed hydra
  6828 | D:10     | Noticed a salamander
  6828 | D:10     | a tarantella changed into a salamander
  6846 | D:10     | Found a transporter.
  6857 | D:10     | Noticed a cane toad
  6857 | D:10     | a salamander changed into a cane toad
  6948 | D:10     | Noticed Joseph
  6957 | D:10     | Killed Joseph
  7198 | D:8      | HP: 1/100 [AverageBear's ghost (21)]
  7198 | D:8      | Slain by AverageBear's ghost

Illustrated notes

Levels and vault maps discovered:
D:1:      minmay_arrival_four_loops, layout_basic,
          shapermc_ecumenical_altar_mp_ritualfount
D:2:      layout_loops_corners, serial_aquarium, aquarium_bridge_straight
          [aquarium_subvault_bridge, aquarium_subvault_wall,
          aquarium_subvault_bridge, aquarium_subvault_wall],
          aquarium_bridge_straight [aquarium_subvault_bridge,
          aquarium_subvault_balcony, aquarium_subvault_bridge,
          aquarium_subvault_wall], aquarium_window_corner, aquarium_window_fake,
          aquarium_window_2, aquarium_view_2a, aquarium_view_2c,
          aquarium_pool_split, minmay_misc_feat_enclosed, kennysheep_path_1
D:3:      layout_loops_ring, mainiacjoe_overflow_six_doors_small,
          grunt_ministairs_5
D:4:      layout_basic, minmay_temple_entry_fiery, kennysheep_nondescript
D:5:      old_forge, layout_cave_pools, kennysheep_mini_moat,
          mainiacjoe_overflow_catch_the_wave, hellmonk_ghost_happy_afterlife,
          minmay_misc_feat_tiny, minmay_diced_spiral
D:6:      layout_loops_ring, nicolae_qazlal_style_of_elements,
          gammafunk_ghost_cemetery, uniq_grinder
D:7:      layout_loops_corners, general_overflow_altar, bh_walls_and_bars
D:8:      layout_cave_pods, ebering_ghost_funeral_grove, uniq_grum, uniq_maurice
D:9:      layout_cross, fedhas_altar_4
D:10:     layout_basic, gammafunk_temple_overflow_arena,
          minmay_lair_entry_grove, minmay_misc_feat_diagonals,
          chequers_serial_rivers_marsh, nicolae_two_hexagons, uniq_joseph
Temple:   zaba_magenta_temple

Skill      XL: |  1  2  3  4  5  6  7  8  9 10 |
---------------+-------------------------------+-----
Unarmed Combat | 4 5 7 8 9 11 | 11.3
Fighting       | 3 4 5 6 |  6.9
Dodging        | 3 4 5 6 |  6.9
Invocations    | 1 2 4 5 6 |  6.3
Armour         | |  0.9
Stealth        | |  1.0

Action                   |  1- 3 |  4- 6 |  7- 9 | 10-12 || total
-------------------------+-------+-------+-------+-------++-------
Melee: Unarmed           |    82 |    80 |   188 |   144 ||   494
       Punch             |     1 |     2 |     6 |     8 ||    17
Throw: Large rock        |       |       |     9 |       ||     9
Invok: Bend Time         |       |       |     3 |       ||     3
       Temporal Distorti |       |       |       |     1 ||     1
  Use: Scroll            |     1 |     6 |     9 |     4 ||    20
       Potion            |       |       |     1 |       ||     1
 Stab: Sleeping          |     1 |     1 |     5 |       ||     7
       Distracted        |       |       |     1 |       ||     1
Armor: Robe              |    26 |    28 |    44 |       ||    98
       Troll leather arm |       |       |       |    55 ||    55
Dodge: Dodged            |    33 |    40 |   123 |   100 ||   296
Block: Other             |       |       |       |    42 ||    42
       Reflection        |       |       |       |     5 ||     5
